 Dungeon Crawl Stone Soup version 0.20.1-1-g8b1a95d (webtiles) character file.

44 Thjof the Covered (level 3, -2/27 HPs)
             Began as a Human Wanderer on Nov 7, 2017.
             Slain by a gnoll
             ... wielding a +0 club
              (4 damage)
             ... on level 3 of the Dungeon.
             The game lasted 00:17:09 (1618 turns).

Thjof the Covered (Human Wanderer)                  Turns: 1618, Time: 00:17:10

Health: -2/27      AC:  9    Str: 14    XL:     3   Next: 85%
Magic:  4/4        EV:  6    Int: 11    God:
Gold:   107        SH:  0    Dex: 12    Spells: 2/2 levels left

rFire    + . .     SeeInvis .   a - +0 mace
rCold    . . .     Gourm    .   (no shield)
rNeg     . . .     Faith    .   j - +0 chain mail {rF+}
rPois    .         Spirit   .   (no helmet)
rElec    .         Reflect  .   (no cloak)
rCorr    .         Harm     .   (no gloves)
MR       .....                  (no boots)
Stlth    ..........             (no amulet)
Regen    0.1/turn               (no ring)
MPRegen  0.1/turn               (no ring)

@: no status effects
A: no striking features
a: no special abilities


You were on level 3 of the Dungeon.
You were very hungry.

You visited 1 branch of the dungeon, and saw 3 of its levels.

You collected 107 gold pieces.

Inventory:

Hand Weapons
 a - a +0 mace (weapon)
 b - a +0 hunting sling
 e - a +0 short sword
 m - a +0 dagger
 t - a +0 whip
 w - a +0 club
 x - a +0 short sword
 y - a +0 falchion
 A - a +0 dagger
Missiles
 o - 37 stones (quivered)
Armour
 h - a +0 leather armour
 j - a +0 chain mail of fire resistance (worn)
 n - a +0 robe
 p - a +0 ring mail
 q - a +0 ring mail
 s - a +0 ring mail
 u - a cursed +0 scale mail
 v - a +0 robe
Jewellery
 i - an uncursed ring of ice {unknown}
 k - a +2 ring of slaying {unknown}
Potions
 c - 2 potions of curing
 l - a potion of flight
 z - a potion of ambrosia {unknown}
Miscellaneous
 d - a fan of gales (inert)
Comestibles
 f - a bread ration
 g - 4 fruits
 r - a meat ration


   Skills:
 + Level 2.2 Fighting
   Level 2.0(2.2) Axes
 + Level 1.4(2.0) Maces & Flails
 + Level 1.1 Slings
   Level 1.0 Crossbows
 + Level 3.5 Armour
 + Level 0.4 Dodging
 + Level 2.0 Evocations


You had 2 spell levels left.
You didn't know any spells.

Dungeon Overview and Level Annotations

Branches:
Dungeon (3/15)

Altars:
Sif Muna


Message History

Okay, then.
You closely miss the gnoll. The gnoll hits you but does no damage.
You hit the gnoll.
The gnoll is heavily wounded.
The gnoll barely misses you. The gnoll hits you with a club!
You barely miss the gnoll.
The gnoll is heavily wounded.
The gnoll hits you with a club.
You closely miss the gnoll.
The gnoll is heavily wounded.
The gnoll hits you with a club!
* * * LOW HITPOINT WARNING * * *
You hit the gnoll but do no damage.
The gnoll is heavily wounded.
The gnoll hits you with a club.
* * * LOW HITPOINT WARNING * * *
You closely miss the gnoll.
The gnoll is heavily wounded.
The gnoll hits you with a club.
You die...

.... #.# #...# #.# #....
#.# #.... #.# #.#.# #.#
#.#.###### #.#
###.#......#
#.####.#.#......####
#####...........@)((....
...........#.##..g..####
.#########.#.##.....#
....# #.#.####.### .#..#
#.#.# .# .#...# #.#.# ..
## ..# #.#.# ### ..#
#.#.# . ## #.#


You could see a gnoll.

Vanquished Creatures
  A gnoll (D:3)
  A dart slug (D:3)
  3 giant cockroaches
  4 goblins
  2 hobgoblins (D:1)
  2 jackals (D:3)
  A quokka (D:2)
  4 bats
  3 frilled lizards
  5 kobolds
  5 rats
31 creatures vanquished.

Notes
Turn   | Place    | Note
-------+----------+-------------------------------------------
     0 | D:1      | Thjof the Human Wanderer began the quest for the Orb.
     0 | D:1      | Thjof set off with: a fan of gales, a +0 ring mail, a potion of curing, a +0 club, a bread ration
     0 | D:1      | Reached XP level 1. HP: 16/16 MP: 2/2
   141 | D:1      | Reached XP level 2. HP: 22/22 MP: 3/3
   442 | D:1      | Reached skill level 1 in Maces & Flails
   581 | D:1      | Reached XP level 3. HP: 23/27 MP: 4/4
   787 | D:2      | Found a deep blue altar of Sif Muna.
  1611 | D:3      | Reached skill level 1 in Slings
  1617 | D:3      | HP: 1/27 [gnoll/club (3)]
  1618 | D:3      | Slain by a gnoll

Skill      XL: |  1  2  3 |
---------------+----------+-----
Maces & Flails | 1 |  1.4
Slings         | 1 |  1.1
Fighting       | |  2.2
Axes           | |  2.0
Crossbows      | |  1.0
Armour         | |  3.5
Dodging        | |  0.4
Evocations     | |  2.0

Action                   || total
-------------------------++-------
Melee: Club              ||    80
       Mace              ||    21
 Fire: Hunting sling     ||    30
Throw: Stone             ||     1
Evoke: Fan of gales      ||     1
  Use: Scroll            ||     1
  Eat: Chunk             ||     1
Armor: Ring mail         ||    45
       Chain mail        ||    17
Dodge: Dodged            ||    68
